 Dungeon Crawl Stone Soup version 0.26-a0-835-g8259106e14 (webtiles) character file.

Game seed: 3228583879541252987

151 lunkers the Cutter (level 5, 0/37 HPs)
             Began as a Halfling Fighter on Nov 17, 2020.
             Slain by an ogre
             ... wielding a +0 giant club
              (27 damage)
             ... on level 3 of the Dungeon.
             The game lasted 00:02:00 (2496 turns).

lunkers the Cutter (Halfling Fighter)               Turns: 2496, Time: 00:02:00

Health: 0/37       AC:  6    Str: 17    XL:     5   Next: 60%
Magic:  5/5        EV: 11    Int:  6    God:
Gold:   147        SH:  6    Dex: 15    Spells: 4/4 levels left

rFire    . . .     SeeInvis .   a - +0 rapier
rCold    . . .     Faith    .   o - +0 buckler
rNeg     + . .     Spirit   .   b - +0 scale mail
rPois    .         Reflect  .   (no helmet)
rElec    .         Harm     .   (no cloak)
rCorr    .         Rampage  .   (no gloves)
MR       .....                  (no boots)
Stlth    ..........             (no amulet)
HPRegen  0.12/turn              e - ring of positive energy
MPRegen  0.09/turn              (no ring)

@: no status effects
A: small, mutation resistance 1
a: no special abilities


You were on level 3 of the Dungeon.
You visited 1 branch of the dungeon, and saw 4 of its levels.

You collected 147 gold pieces.

Inventory:

Hand Weapons
 a - a +0 rapier (weapon)
Armour
 b - a +0 scale mail (worn)
 c - a +0 kite shield
 o - a +0 buckler (worn)
Jewellery
 e - a ring of positive energy (left hand)
 n - an uncursed ring of ice
Wands
 j - a wand of random effects (21)
Scrolls
 f - a scroll of immolation {unknown}
 h - 2 scrolls of teleportation {unknown}
 i - a scroll of magic mapping {unknown}
 m - a scroll of amnesia {unknown}
Potions
 d - a potion of might
 g - a potion of curing {unknown}
 k - a potion of mutation {unknown}
 l - a potion of heal wounds {unknown}


   Skills:
 + Level 3.7 Fighting
 * Level 5.5 Short Blades
 - Level 3.2 Armour
 - Level 3.2 Shields


You had 4 spell levels left.
You didn't know any spells.
Your spell library was empty.

Dungeon Overview and Level Annotations

Branches:
Dungeon (4/15)
 Temple: D:4-7

Altars:
Kikubaaqudgha
Sif Muna


Innate Abilities, Weirdness & Mutations

You are small and have problems with some larger weapons.
You are somewhat resistant to further mutation.


Message History

You start resting.
HP restored.
You climb downwards.
The ogre hits you with a +0 giant club.
There is a stone staircase leading up here.
The ogre hits you but does no damage.
You climb upwards.
There is a stone staircase leading down here.
You can't go up here!
You hit the ogre but do no damage. The ogre hits you with a +0 giant club!
You closely miss the ogre. The ogre closely misses you.
You hit the ogre.
The ogre is lightly wounded.
You hit the ogre.
The ogre is lightly wounded.
The ogre barely misses you.
You completely miss the ogre.
The ogre is lightly wounded.
The ogre hits you with a +0 giant club!!
Ouch! That really hurt!
You die...

#.....# #.##.#
###.########## #.....#
#..#.#####.# ......#
##.......#.# #...(.#
#...###.#.######
#.....##
#..>....)......#
.(†)...#
#.......#.####.#
.......#######...#####.#
#.#####
.......#.......O.......#
#......
###....+.......)@#######
#......
).######......####
#...... ..# #......#
#...... ..# #......#
#.##### ..# #......# #.#
..# ######## #.# ### #.#
# #.# #### #.#####


You could see an ogre.

Vanquished Creatures
  An orc wizard (D:3)
  A worker ant zombie (D:3)
  6 adders
  An ooze (D:3)
  2 dart slugs
  A leopard gecko (D:3)
  2 orcs (D:3)
  A giant cockroach (D:1)
  6 goblins
  7 hobgoblins
  5 jackals
  6 kobolds
  A quokka (D:3)
  5 bats
  A frilled lizard (D:1)
  7 rats
53 creatures vanquished.

Vanquished Creatures (others)
  A hobgoblin (D:1)
1 creature vanquished.

Grand Total: 54 creatures vanquished

Notes
Turn   | Place    | Note
-------+----------+-------------------------------------------
     0 | D:1      | lunkers the Halfling Fighter began the quest for the Orb.
     0 | D:1      | Reached XP level 1. HP: 15/15 MP: 1/1
   170 | D:1      | Reached skill level 3 in Short Blades
   170 | D:1      | Reached XP level 2. HP: 20/20 MP: 2/2
   530 | D:1      | Reached XP level 3. HP: 17/26 MP: 3/3
  1046 | D:2      | Found an ancient bone altar of Kikubaaqudgha.
  1161 | D:2      | Reached skill level 4 in Short Blades
  1259 | D:2      | Reached XP level 4. HP: 26/31 MP: 4/4
  1308 | D:2      | Found a shimmering blue altar of Sif Muna.
  2087 | D:3      | Reached skill level 5 in Short Blades
  2087 | D:3      | Reached XP level 5. HP: 32/36 MP: 5/5
  2467 | D:4      | Noticed an ogre
  2496 | D:3      | Slain by an ogre

Illustrated notes

Levels and vault maps discovered:
D:1:      minmay_arrival_doors, layout_basic, minmay_misc_feat_more_columns,
          lemuel_flame_loot_1
D:2:      layout_rooms, kiku_gazebo_pond_becter, marbit_many_paths,
          minmay_crystal_room
D:3:      layout_basic
D:4:      layout_basic, gammafunk_temple_overflow_forgotten,
          general_overflow_altar, lemuel_statue_altar

Skill      XL: |  1  2  3  4 |
---------------+-------------+-----
Short Blades   | 3 4 5 |  5.5
Fighting       | 3 |  3.7
Armour         | |  3.2
Shields        | |  3.2

Action                   |  1- 3 |  4- 6 || total
-------------------------+-------+-------++-------
Melee: Rapier            |    90 |   102 ||   192
Armor: Scale mail        |    33 |    32 ||    65
Dodge: Dodged            |    22 |    35 ||    57
Block: Kite shield       |    40 |    46 ||    86
       Buckler           |       |     3 ||     3

Table legend: (Time is in decaauts)
 A = Elapsed time spent in this place.
 B = Non-inter-level travel time spent in this place.
 C = Inter-level travel time spent in this place.
 D = Time resting spent in this place.
 E = Time spent auto-exploring this place.
 F = Levels seen in this place.
 G = Mean time per level.
                   A        B        C        D        E       F      G
               +--------+--------+--------+--------+--------+-----+--------+
         Total |   2510 |   2409 |    101 |     10 |   2020 |   4 |  627.5 |
       Dungeon |   2510 |   2409 |    101 |     10 |   2020 |   4 |  627.5 |
               +--------+--------+--------+--------+--------+-----+--------+

Top non-repeatable levels by time:
     D:1: 1041 daAuts
     D:3: 939 daAuts
     D:2: 521 daAuts
     D:4: 8 daAuts
